[Event "Gibraltar Junior Intl U16 2019"]
[Site "Caleta"]
[Date "2019.08.18"]
[Round "4.10"]
[White "Mendis, Vidura"]
[Black "Gutierrez Lupion, Daniel"]
[Result "0-1"]
[ECO "B23"]
[WhiteElo "1528"]
[BlackElo "1811"]
[Annotator "NA"]
[PlyCount "90"]
[EventDate "2019.08.16"]
[EventType "swiss"]
[EventCountry "GGB"]
[SourceTitle "playchess.com"]
[Source "ChessBase"]
[SourceQuality "1"]
[TimeControl "6600+10"]

1. e4 c5 2. Nc3 a6 3. f4 b5 4. Nf3 Bb7 5. d3 d6 6. b3 Nf6 7. Be2 e6 8. O-O Be7 9. Qe1 O-O 10. Qg3 Nbd7 11. f5 exf5 12. exf5 Kh8 13. Qh3 b4 14. Nd1 Nd5 15. Nf2 Nc3 16. Re1 Bf6 17. Bf4 Nxe2+ 18. Rxe2 Bxf3 19. Qxf3 Bxa1 20. Bxd6 Re8 21. Rxe8+ Qxe8 22. Kf1 Bd4 23. Ne4 Nf6 24. Nd2 Rd8 25. Nc4 Bc3 26. Bg3 Nd5 27. Qf2 Bd4 28. Qf3 Ne3+ 29. Nxe3 Qxe3 30. Qxe3 Bxe3 31. Bh4 Re8 32. Bg3 g6 33. fxg6 fxg6 34. Bh4 Kg7 35. Bg3 Kf6 36. Bh4+ Ke5 37. Bg3+ Kd4 38. Be1 Bf4 39. g3 Bg5 40. h3 Rxe1+ 41. Kxe1 Kc3 42. Kd1 Kb2 43. g4 Kxa2 44. Ke2 Kb2 45. Kd1 Bf4 0-1

[Event "Gibraltar Junior Intl U16 2019"]
[Site "Caleta"]
[Date "2019.08.18"]
[Round "4.11"]
[White "Hussain, Adam"]
[Black "Lorente Serrano, Rosa Adela"]
[Result "0-1"]
[ECO "D01"]
[WhiteElo "1515"]
[BlackElo "1810"]
[Annotator "NA"]
[PlyCount "68"]
[EventDate "2019.08.16"]
[EventType "swiss"]
[EventCountry "GGB"]
[SourceTitle "playchess.com"]
[Source "ChessBase"]
[SourceQuality "1"]
[TimeControl "6600+10"]

1. d4 Nf6 2. Nc3 d5 3. Bg5 Nbd7 4. e3 g6 5. Bd3 Bg7 6. Nge2 O-O 7. Ng3 c5 8. Qd2 h6 9. Bxf6 Nxf6 10. O-O-O cxd4 11. exd4 a6 12. Nce2 b5 13. h4 h5 14. Qg5 Ng4 15. Qd2 Nxf2 16. Rdf1 Nxh1 17. Rxh1 Bg4 18. Kb1 Qd6 19. Re1 Qf6 20. Rf1 Qxh4 21. Rh1 Qf6 22. Rf1 Qd6 23. Qg5 e5 24. c3 e4 25. Bc2 Qd8 26. Qe3 Bxe2 27. Nxe2 a5 28. Bd1 b4 29. Nf4 Bh6 30. Qg3 Bxf4 31. Rxf4 bxc3 32. Bxh5 Qb6 33. b3 Qxd4 34. Bxg6 Qd1# 0-1

[Event "Gibraltar Junior Intl U16 2019"]
[Site "Caleta"]
[Date "2019.08.18"]
[Round "4.12"]
[White "Tadevosyan, Aspet"]
[Black "Dharmasena, Gavith"]
[Result "1-0"]
[ECO "D35"]
[WhiteElo "2038"]
[BlackElo "1585"]
[Annotator "NA"]
[PlyCount "58"]
[EventDate "2019.08.16"]
[EventType "swiss"]
[EventCountry "GGB"]
[SourceTitle "playchess.com"]
[Source "ChessBase"]
[SourceQuality "1"]
[TimeControl "6600+10"]

1. d4 Nf6 2. c4 e6 3. Nc3 d5 4. cxd5 exd5 5. Bg5 Be7 6. e3 h6 7. Bh4 O-O 8. Bd3 Be6 9. Nge2 Nbd7 10. Nf4 c6 11. Nxe6 fxe6 12. Bg3 Nb6 13. O-O Bd6 14. Be5 Bxe5 15. dxe5 Nfd7 16. f4 Nc5 17. Be2 Qe7 18. b4 Ncd7 19. a3 Rac8 20. Bd3 a6 21. Qg4 Rfd8 22. Ne2 c5 23. bxc5 Rxc5 24. Nd4 Re8 25. Bg6 Rec8 26. Nxe6 Rc3 27. Bf5 Qf7 28. Nd4 h5 29. Qg5 Rxe3 1-0

[Event "Gibraltar Junior Intl U16 2019"]
[Site "Caleta"]
[Date "2019.08.18"]
[Round "4.13"]
[White "Onslow, Teddy"]
[Black "Guerreiro, Jose Velho"]
[Result "1-0"]
[ECO "B13"]
[WhiteElo "1739"]
[BlackElo "1513"]
[Annotator "NA"]
[PlyCount "115"]
[EventDate "2019.08.16"]
[EventType "swiss"]
[EventCountry "GGB"]
[SourceTitle "playchess.com"]
[Source "ChessBase"]
[SourceQuality "1"]
[TimeControl "6600+10"]

1. d4 d5 2. Bf4 Nf6 3. e3 e6 4. Bd3 c5 5. c3 Nc6 6. Nd2 cxd4 7. exd4 Bd6 8. Bxd6 Qxd6 9. Ngf3 O-O 10. O-O a5 11. a4 b6 12. Qe2 Re8 13. Ne5 Nb8 14. f4 Ba6 15. Ndf3 Ne4 16. Bxa6 Nxa6 17. Ng5 f6 18. Nxe4 dxe4 19. Nc4 Qc6 20. Rfe1 Nc7 21. Nd2 f5 22. Nc4 Nd5 23. Ne5 Qc7 24. g3 g6 25. Qb5 Rac8 26. Rac1 Red8 27. h3 Kg7 28. Kh2 Kg8 29. Rg1 Kf8 30. Rce1 Qd6 31. Rg2 Qc7 32. Rf2 Nf6 33. g4 Rd5 34. Qe2 Qe7 35. Rg2 Qe8 36. Qf2 Qe7 37. Reg1 Rc7 38. gxf5 exf5 39. Rxg6 Rxe5 40. Rxf6+ Qxf6 41. dxe5 Qe6 42. Rd1 Rd7 43. Rd4 Qc6 44. Qd2 Ke7 45. Rxd7+ Qxd7 46. Qxd7+ Kxd7 47. b4 Kc6 48. Kg2 Kd5 49. Kf2 h6 50. Ke3 h5 51. h4 Ke6 52. Kd4 Kd7 53. b5 Kc7 54. c4 Kd7 55. c5 bxc5+ 56. Kc4 e3 57. Kd3 c4+ 58. Kxe3 1-0

[Event "Gibraltar Junior Intl U16 2019"]
[Site "Caleta"]
[Date "2019.08.18"]
[Round "4.14"]
[White "Aubury, Benjamin"]
[Black "Usharovsky, Ron"]
[Result "1/2-1/2"]
[ECO "D14"]
[WhiteElo "1686"]
[BlackElo "1670"]
[Annotator "NA"]
[PlyCount "47"]
[EventDate "2019.08.16"]
[EventType "swiss"]
[EventCountry "GGB"]
[SourceTitle "playchess.com"]
[Source "ChessBase"]
[SourceQuality "1"]
[TimeControl "6600+10"]

1. Nf3 Nf6 2. c4 c6 3. d4 d5 4. cxd5 cxd5 5. Nc3 Nc6 6. Bf4 Bf5 7. Qb3 Qd7 8. e3 a6 9. h3 e6 10. Nh4 Be4 11. Be2 h6 12. Nf3 Be7 13. Rc1 O-O 14. O-O Bxf3 15. Bxf3 Bd6 16. Bxd6 Qxd6 17. Na4 Rab8 18. a3 Nd7 19. Rc2 Na5 20. Qc3 Nc4 21. Ra1 b5 22. Nc5 Nxc5 23. dxc5 Qe5 24. Qxe5 1/2-1/2

[Event "Gibraltar Junior Intl U16 2019"]
[Site "Caleta"]
[Date "2019.08.18"]
[Round "4.15"]
[White "Patel, Devan"]
[Black "Martinez Soriano, Javier"]
[Result "0-1"]
[ECO "A04"]
[WhiteElo "1659"]
[BlackElo "1992"]
[Annotator "NA"]
[PlyCount "80"]
[EventDate "2019.08.16"]
[EventType "swiss"]
[EventCountry "GGB"]
[SourceTitle "playchess.com"]
[Source "ChessBase"]
[SourceQuality "1"]
[TimeControl "6600+10"]

1. d4 e6 2. c4 b6 3. Nf3 Bb7 4. g3 g6 5. Bg2 Bg7 6. O-O Ne7 7. Nc3 O-O 8. h4 d6 9. e4 c5 10. d5 Ba6 11. Qb3 e5 12. Bd2 f5 13. Ng5 Re8 14. Ne6 Qc8 15. Bh3 Nd7 16. Bg5 Bf6 17. Bh6 Nb8 18. Kh2 Nbc6 19. exf5 gxf5 20. g4 Nd4 21. Nxd4 exd4 22. Ne4 fxe4 23. g5 Be5+ 24. Kg2 Nf5 25. f4 Bg7 26. Bxg7 Kxg7 27. Qa4 Bxc4 28. Bxf5 Bxf1+ 29. Rxf1 Qxf5 30. h5 e3 31. h6+ Kh8 32. Qc6 e2 33. Re1 Qg4+ 34. Kf2 Qh4+ 35. Kf3 Qxe1 36. Qxd6 Qf1+ 37. Kg4 Qg2+ 38. Kf5 Qe4+ 39. Kf6 Rf8+ 40. Qxf8+ Rxf8# {[%emt 0:00:12] Ke5} 0-1

[Event "Gibraltar Junior Intl U16 2019"]
[Site "Caleta"]
[Date "2019.08.18"]
[Round "4.16"]
[White "Bartelt, Max Peter"]
[Black "Gough, Theo"]
[Result "1-0"]
[ECO "E01"]
[WhiteElo "1803"]
[BlackElo "1474"]
[Annotator "NA"]
[PlyCount "115"]
[EventDate "2019.08.16"]
[EventType "swiss"]
[EventCountry "GGB"]
[SourceTitle "playchess.com"]
[Source "ChessBase"]
[SourceQuality "1"]
[TimeControl "6600+10"]

1. d4 d5 2. Nf3 Nf6 3. g3 c5 4. Bg2 Nc6 5. O-O e6 6. c4 a6 7. Nc3 cxd4 8. Nxd4 Nxd4 9. Qxd4 dxc4 10. Qxc4 Bd6 11. Rd1 Qc7 12. Qd3 Be5 13. Ne4 Nxe4 14. Bxe4 f5 15. Bg2 O-O 16. Rb1 Rf7 17. Qb3 Rb8 18. Bg5 h6 19. Rbc1 Qa5 20. Rd8+ Rf8 21. Rdxc8 Rbxc8 22. Rxc8 Rxc8 23. Qxe6+ Kh7 24. Qxf5+ g6 25. Qd7+ Bg7 26. Qxc8 hxg5 27. Qxb7 Qxa2 28. Be4 Qxb2 29. Qxa6 Qa1+ 30. Qxa1 Bxa1 31. Kg2 Kg7 32. Kf3 Kf6 33. Kg4 Bc3 34. Bxg6 Kxg6 35. h4 gxh4 36. Kxh4 Kf5 37. f3 Bf6+ 38. Kh5 Be5 39. e4+ Kf6 40. f4 Bc3 41. g4 Bd2 42. g5+ Kg7 43. Kg4 Kg6 44. f5+ Kg7 45. e5 Bc3 46. e6 Be5 47. e7 Kf7 48. f6 Ke8 49. Kf5 Bd6 50. Kg6 Be5 51. Kg7 Bd4 52. Kg8 Be3 53. f7+ Kxe7 54. f8=Q+ Kd7 55. Qf5+ Ke7 56. Qe5+ Kd7 57. Qxe3 Kd6 58. Kf7 1-0

[Event "Gibraltar Junior Intl U16 2019"]
[Site "Caleta"]
[Date "2019.08.18"]
[Round "4.17"]
[White "Gutierrez Lupion, Nuria"]
[Black "Garcia Calero, Jose Maria"]
[Result "1/2-1/2"]
[ECO "B70"]
[WhiteElo "1712"]
[BlackElo "1395"]
[Annotator "NA"]
[PlyCount "103"]
[EventDate "2019.08.16"]
[EventType "swiss"]
[EventCountry "GGB"]
[SourceTitle "playchess.com"]
[Source "ChessBase"]
[SourceQuality "1"]
[TimeControl "6600+10"]

1. e4 c5 2. Nf3 d6 3. d4 cxd4 4. Nxd4 Nf6 5. Nc3 g6 6. h3 Bg7 7. g4 O-O 8. Bg2 Qb6 9. Nce2 Nbd7 10. c3 a5 11. a4 Nc5 12. Ng3 Bd7 13. O-O Rac8 14. Kh2 Rfd8 15. Re1 e5 16. Nde2 Nb3 17. Be3 Nc5 18. Qc2 Be6 19. Ra3 Qc7 20. b4 axb4 21. cxb4 Na6 22. Qxc7 Nxc7 23. b5 Bf8 24. Rc1 d5 25. Rac3 Rd7 26. Bb6 Bd6 27. Ba5 d4 28. Rxc7 Bxc7 29. b6 d3 30. Rxc7 Rdxc7 31. bxc7 dxe2 32. Nxe2 Ne8 33. f4 exf4 34. Nxf4 Nxc7 35. e5 b5 36. Nxe6 fxe6 37. Bxc7 Rxc7 38. axb5 Rc2 39. b6 Rb2 40. b7 Kf7 41. Kg3 Ke7 42. Kf4 h6 43. h4 Kf7 44. Be4 Kg7 45. Bf3 Kf7 46. Be4 Kg7 47. Bf3 Kf7 48. Ke3 g5 49. h5 Ke7 50. Kd4 Kd7 51. Kc5 Kc7 52. Kd4 1/2-1/2

[Event "Gibraltar Junior Intl U16 2019"]
[Site "Caleta"]
[Date "2019.08.18"]
[Round "4.18"]
[White "Hernandez Tellez, Claudia"]
[Black "Gaspar Lopez, Rocio"]
[Result "1-0"]
[ECO "B52"]
[WhiteElo "1711"]
[BlackElo "1367"]
[Annotator "NA"]
[PlyCount "105"]
[EventDate "2019.08.16"]
[EventType "swiss"]
[EventCountry "GGB"]
[SourceTitle "playchess.com"]
[Source "ChessBase"]
[SourceQuality "1"]
[TimeControl "6600+10"]

1. e4 c5 2. Nf3 d6 3. Bb5+ Bd7 4. Bxd7+ Nxd7 5. O-O Ngf6 6. Qe2 g6 7. c3 Bg7 8. d4 cxd4 9. cxd4 d5 10. e5 Ne4 11. Ne1 Qb6 12. f3 Qxd4+ 13. Be3 Qxe5 14. Nd3 Ng3 15. hxg3 Qxg3 16. Bf2 Qd6 17. Nc3 a6 18. Rfe1 e6 19. Rac1 O-O 20. f4 Rfe8 21. Ne5 Nxe5 22. fxe5 Qe7 23. Qg4 h5 24. Qf4 Kh7 25. Bh4 Bh6 26. Qxh6+ Kxh6 27. Bxe7 Rxe7 28. Ne2 Kg7 29. Rc3 Rd8 30. Nd4 Rdd7 31. Rec1 Kh7 32. Nb3 Kh6 33. Kf2 Kg5 34. Ke3 Kf5 35. Kd4 h4 36. Nd2 g5 37. Nf1 Kg6 38. Nh2 Kh5 39. Rc8 Kg6 40. Ng4 b5 41. Nf6 Rb7 42. Rg8+ Kh6 43. Rgc8 Kg6 44. Ke3 Kf5 45. Kd4 Kg6 46. R1c2 Kf5 47. Rc1 Kg6 48. R1c2 b4 49. b3 a5 50. R2c5 Ra7 51. Rc1 a4 52. g3 hxg3 53. Rg8+ 1-0

[Event "Gibraltar Junior Intl U16 2019"]
[Site "Caleta"]
[Date "2019.08.18"]
[Round "4.19"]
[White "Miller, Max C"]
[Black "Greco, Joseph"]
[Result "0-1"]
[ECO "D05"]
[WhiteElo "1563"]
[BlackElo "1690"]
[Annotator "NA"]
[PlyCount "70"]
[EventDate "2019.08.16"]
[EventType "swiss"]
[EventCountry "GGB"]
[SourceTitle "playchess.com"]
[Source "ChessBase"]
[SourceQuality "1"]
[TimeControl "6600+10"]

1. d4 Nf6 2. Nf3 e6 3. e3 d5 4. Bd3 b6 5. b3 Bb7 6. Bb2 Nbd7 7. Nbd2 Be7 8. O-O O-O 9. Ne5 c5 10. f4 Ne4 11. Rf3 f5 12. Bxe4 Nxe5 13. dxe5 fxe4 14. Rg3 Qe8 15. Qg4 Qf7 16. Rf1 g6 17. Rh3 b5 18. b4 c4 19. a3 a5 20. Bc3 axb4 21. Bxb4 Bc6 22. Nb1 Bxb4 23. axb4 Ra1 24. Rh4 Bd7 25. Nc3 Rfa8 26. Rxa1 Rxa1+ 27. Kf2 Qe7 28. Qg5 Qxg5 29. fxg5 Rc1 30. Ne2 Rxc2 31. Ke1 Rb2 32. Kd1 Rxb4 33. Kc2 Rb3 34. Nc3 b4 35. Nd1 Ba4 0-1

[Event "Gibraltar Junior Intl U16 2019"]
[Site "Caleta"]
[Date "2019.08.18"]
[Round "4.20"]
[White "Walker, Max"]
[Black "Khan, Samir"]
[Result "0-1"]
[ECO "A40"]
[WhiteElo "1667"]
[BlackElo "1282"]
[Annotator "NA"]
[PlyCount "76"]
[EventDate "2019.08.16"]
[EventType "swiss"]
[EventCountry "GGB"]
[SourceTitle "playchess.com"]
[Source "ChessBase"]
[SourceQuality "1"]
[TimeControl "6600+10"]

1. d4 b6 2. Bf4 e6 3. Nf3 Bb7 4. Nbd2 Nf6 5. h4 c5 6. e3 d6 7. Bd3 Nbd7 8. Qe2 Qc7 9. Bh2 Be7 10. c3 Ng4 11. e4 Nxh2 12. Rxh2 Nf6 13. e5 Ng4 14. Rh3 cxd4 15. cxd4 dxe5 16. Nxe5 Nxe5 17. dxe5 O-O 18. Nf3 Bxf3 19. Rxf3 Rad8 20. Qe4 g6 21. h5 Qc5 22. hxg6 fxg6 23. Rxf8+ Rxf8 24. Qe2 Bh4 25. g3 Bxg3 26. fxg3 Qg1+ 27. Kd2 Qxa1 28. Ke3 Qc1+ 29. Ke4 Qc6+ 30. Ke3 Qc5+ 31. Ke4 Qd5+ 32. Ke3 Qxe5+ 33. Be4 Qxg3+ 34. Kd4 Rd8+ 35. Kc4 Qc7+ 36. Kb3 b5 37. Bd3 Rxd3+ 38. Kb4 Qc4+ 0-1

[Event "Gibraltar Junior Intl U16 2019"]
[Site "Caleta"]
[Date "2019.08.18"]
[Round "4.21"]
[White "Lv, Jason"]
[Black "Hirst, Joe"]
[Result "0-1"]
[ECO "E92"]
[WhiteElo "1532"]
[BlackElo "1639"]
[Annotator "NA"]
[PlyCount "126"]
[EventDate "2019.08.16"]
[EventType "swiss"]
[EventCountry "GGB"]
[SourceTitle "playchess.com"]
[Source "ChessBase"]
[SourceQuality "1"]
[TimeControl "6600+10"]

1. d4 Nf6 2. Nf3 g6 3. c4 Bg7 4. Nc3 O-O 5. e4 d6 6. Be2 e5 7. d5 a5 8. Be3 Na6 9. Nd2 Bd7 10. O-O Ne8 11. Qe1 f5 12. exf5 gxf5 13. f4 e4 14. g4 fxg4 15. Ndxe4 b6 16. Ng5 Qe7 17. Bd3 Bf5 18. Bxf5 Rxf5 19. Ne6 Bh8 20. Bd4 Qf7 21. Bxh8 Kxh8 22. Ne4 h6 23. Ng3 Rf6 24. Qc3 Kg8 25. Rf2 Nc5 26. Nxc5 dxc5 27. Raf1 Nd6 28. Qd3 Rf8 29. Ne4 Nxe4 30. Qxe4 Rf5 31. Kg2 Re8 32. Qd3 Qf6 33. Re2 Rxe2+ 34. Qxe2 h5 35. Re1 Qf7 36. Qe8+ Qxe8 37. Rxe8+ Kf7 38. Re4 h4 39. a4 Kg6 40. Re6+ Rf6 41. Re7 Rxf4 42. Rxc7 Rf6 43. Rc6 Kf5 44. d6 Rf8 45. Rxb6 Ke6 46. Ra6 Rb8 47. d7+ Kxd7 48. Rg6 Rxb2+ 49. Kg1 Rb4 50. Rxg4 h3 51. Rf4 Rxa4 52. Rf1 Rxc4 53. Ra1 a4 54. Kf2 Rc2+ 55. Kg3 Rc3+ 56. Kg4 a3 57. Ra2 c4 58. Kf4 Rb3 59. Ke4 Rb2 60. Rxa3 Rxh2 61. Ra1 c3 62. Kd3 c2 63. Rc1 Rg2 0-1

[Event "Gibraltar Junior Intl U16 2019"]
[Site "Caleta"]
[Date "2019.08.18"]
[Round "4.23"]
[White "Rayner, Hugo"]
[Black "Guilfanov, Raphael"]
[Result "0-1"]
[ECO "C54"]
[WhiteElo "1448"]
[BlackElo "1493"]
[Annotator "NA"]
[PlyCount "52"]
[EventDate "2019.08.16"]
[EventType "swiss"]
[EventCountry "GGB"]
[SourceTitle "playchess.com"]
[Source "ChessBase"]
[SourceQuality "1"]
[TimeControl "6600+10"]

1. e4 e5 2. Nf3 Nc6 3. Bc4 Bc5 4. c3 Nf6 5. d4 exd4 6. cxd4 Bb6 7. d5 Na5 8. Qd3 Nxc4 9. Qxc4 O-O 10. e5 Ne8 11. O-O d6 12. e6 fxe6 13. dxe6 d5 14. e7 Qxe7 15. Qxd5+ Be6 16. Qxb7 Rd8 17. Re1 Qb4 18. Qc6 Rd6 19. Qc3 Qg4 20. Nbd2 Bd5 21. Qe5 c6 22. Qxe8 Bxf3 23. Qxf8+ Kxf8 24. Nxf3 Rf6 25. Kf1 Rxf3 26. Kg1 Rf6 0-1

[Event "Gibraltar Junior Intl U16 2019"]
[Site "Caleta"]
[Date "2019.08.18"]
[Round "4.24"]
[White "Major, Richard"]
[Black "Dhanwani, Aryan"]
[Result "1/2-1/2"]
[ECO "B12"]
[WhiteElo "1615"]
[BlackElo "1319"]
[Annotator "NA"]
[PlyCount "28"]
[EventDate "2019.08.16"]
[EventType "swiss"]
[EventCountry "GGB"]
[SourceTitle "playchess.com"]
[Source "ChessBase"]
[SourceQuality "1"]
[TimeControl "6600+10"]

1. e4 c6 2. d4 d5 3. e5 Bf5 4. h4 h5 5. Nf3 e6 6. Bd3 Bxd3 7. Qxd3 Nd7 8. c4 Bb4+ 9. Bd2 Bxd2+ 10. Nbxd2 Ne7 11. Ng5 Nf5 12. Qf3 Qe7 13. cxd5 cxd5 14. Qf4 Qb4 1/2-1/2

[Event "Gibraltar Junior Intl U16 2019"]
[Site "Caleta"]
[Date "2019.08.18"]
[Round "4.25"]
[White "Popham, Sarah"]
[Black "Harbinson, Alec Ryan"]
[Result "1/2-1/2"]
[ECO "A08"]
[WhiteElo "1372"]
[BlackElo "1118"]
[Annotator "NA"]
[PlyCount "103"]
[EventDate "2019.08.16"]
[EventType "swiss"]
[EventCountry "GGB"]
[SourceTitle "playchess.com"]
[Source "ChessBase"]
[SourceQuality "1"]
[TimeControl "6600+10"]

1. Nf3 Nf6 2. g3 e6 3. Bg2 d5 4. O-O c5 5. d3 Nbd7 6. c4 d4 7. e3 dxe3 8. Bxe3 Rb8 9. Nc3 a6 10. a4 Bd6 11. Qc1 b6 12. Bf4 Nf8 13. Bxd6 Qxd6 14. Qe3 Ng6 15. Ne4 Nxe4 16. Qxe4 Bb7 17. Qe3 Bxf3 18. Qxf3 O-O 19. Rfd1 Rfd8 20. Qc6 Qxc6 21. Bxc6 Ne5 22. Be4 f5 23. Bg2 Nxd3 24. b3 Nb4 25. Rxd8+ Rxd8 26. a5 bxa5 27. Rxa5 Rd1+ 28. Bf1 Rb1 29. Rxc5 Rxb3 30. Rc8+ Kf7 31. Rb8 a5 32. Ra8 Ra3 33. c5 Ra1 34. Kg2 a4 35. Bc4 a3 36. Ra4 a2 37. Bxa2 Nxa2 38. Ra7+ Kf6 39. c6 Rc1 40. Rxa2 Rxc6 41. Ra4 h5 42. h4 g5 43. hxg5+ Kxg5 44. Rh4 Rc8 45. Rb4 Re8 46. f4+ Kh6 47. Kh3 Rg8 48. Rb6 Rg6 49. Kg2 Rf6 50. Kf3 Rg6 51. Rc6 Rf6 52. Rb6 1/2-1/2

[Event "Gibraltar Junior Intl U16 2019"]
[Site "Caleta"]
[Date "2019.08.18"]
[Round "5.1"]
[White "Garrido Outon, Alex"]
[Black "Cesar Maestre, Bernardo"]
[Result "1-0"]
[ECO "B94"]
[WhiteElo "2231"]
[BlackElo "2084"]
[Annotator "NA"]
[PlyCount "93"]
[EventDate "2019.08.16"]
[EventType "swiss"]
[EventCountry "GGB"]
[SourceTitle "playchess.com"]
[Source "ChessBase"]
[SourceQuality "1"]
[TimeControl "6600+10"]

1. e4 c5 2. Nf3 d6 3. d4 cxd4 4. Nxd4 Nf6 5. Nc3 a6 6. Bg5 Nbd7 7. Qe2 {[%emt 0:02:43] B94: Sicilian Najdorf: 6 Bg5 Nbd7} (7. Bc4 Qb6 8. Bb3 e6 9. Qd2 Be7 10. O-O-O Nc5 11. f3 Qc7 12. g4 b5 13. h4 Bd7 14. Kb1 b4 15. Nce2 {0-1 (40) Papp,G (2591)-Navara,D (2733) Slovakia 2019}) 7... e5 8. Nf5 h6 9. Bh4 g6 10. Ne3 Be7 11. O-O-O b5 12. Bxf6 Nxf6 13. g3 $146 ({Predecessor:} 13. Ned5 Be6 14. g3 Rc8 {½-½ (28) Berchtenbreiter,M (2290)-Ziska,H (2460) Bad Wiessee 2011}) 13... Be6 14. Kb1 Rc8 15. Ned5 Nxd5 16. Nxd5 Bxd5 17. exd5 Kf8 18. h4 h5 $1 19. f4 exf4 20. gxf4 Bxh4 21. Bh3 Rc4 22. f5 g5 23. f6 Qxf6 24. Rdf1 Rf4 25. Bc8 $19 Qe5 26. Qd3 Qe4 27. Rxf4 Qxd3 28. cxd3 gxf4 29. Rxh4 a5 30. Rxf4 Kg7 31. Bh3 h4 32. Kc2 Rh5 33. Kc3 Kg6 34. a4 Rxd5 35. Rxh4 b4+ 36. Kc4 Rc5+ 37. Kb3 d5 38. Bg2 f5 39. Rd4 Rc7 40. Rxd5 Ra7 41. Kc4 f4 42. Kb5 Rf7 43. Be4+ Kg7 44. Kxa5 f3 45. Rf5 f2 46. Rxf7+ Kxf7 47. Bg2 1-0

[Event "Gibraltar Junior Intl U16 2019"]
[Site "Caleta"]
[Date "2019.08.18"]
[Round "5.2"]
[White "Perez Beltran, Salvador"]
[Black "Revaliente Montoya, Ciro"]
[Result "1/2-1/2"]
[ECO "B51"]
[WhiteElo "2103"]
[BlackElo "2006"]
[Annotator "NA"]
[PlyCount "57"]
[EventDate "2019.08.16"]
[EventType "swiss"]
[EventCountry "GGB"]
[SourceTitle "playchess.com"]
[Source "ChessBase"]
[SourceQuality "1"]
[TimeControl "6600+10"]

1. e4 c5 2. Nf3 d6 3. Bb5+ Nd7 4. O-O Ngf6 5. Re1 g6 6. c3 Bg7 7. d4 O-O 8. h3 a6 9. Bf1 Ne8 10. a4 b6 11. d5 Bb7 12. Na3 Nc7 13. Be3 f5 14. exf5 Rxf5 15. Bd3 Rf7 16. Ng5 Rf8 17. f4 Bxd5 18. c4 Bb7 19. Qc2 e5 20. f5 h6 21. Ne6 Nxe6 22. fxe6 Nf6 23. Bxg6 Qe7 24. Bf7+ Kh8 25. Bd2 Bc8 26. Qg6 Bxe6 27. Bxe6 Qxe6 28. Bxh6 Rg8 29. Rf1 1/2-1/2

[Event "Gibraltar Junior Intl U16 2019"]
[Site "Caleta"]
[Date "2019.08.18"]
[Round "5.3"]
[White "Gutierrez Lupion, Daniel"]
[Black "Cuellar Montes, Alejandro"]
[Result "1/2-1/2"]
[ECO "B07"]
[WhiteElo "1811"]
[BlackElo "2143"]
[Annotator "NA"]
[PlyCount "76"]
[EventDate "2019.08.16"]
[EventType "swiss"]
[EventCountry "GGB"]
[SourceTitle "playchess.com"]
[Source "ChessBase"]
[SourceQuality "1"]
[TimeControl "6600+10"]

1. e4 d6 2. d4 Nf6 3. Nc3 Nbd7 4. f4 e5 5. Nf3 exd4 6. Nxd4 g6 7. Bc4 Bg7 8. O-O O-O 9. Nf3 Nc5 10. e5 dxe5 11. Qxd8 Rxd8 12. fxe5 Ng4 13. Ng5 Be6 14. Bxe6 fxe6 15. Bf4 Nxe5 16. Rae1 Ng4 17. h3 Bd4+ 18. Kh1 e5 19. Bg3 Ne3 20. Rf3 Nxc2 21. Re2 Nb4 22. Bxe5 Nc6 23. Bxc7 Rd7 24. Bg3 Bg7 25. Rfe3 Rf8 26. Re8 Nd4 27. Rxf8+ Bxf8 28. Rd2 Nf5 29. Bf4 Rxd2 30. Bxd2 Nd3 31. g4 Nh4 32. Nce4 Bg7 33. b3 Be5 34. Bc3 Bxc3 35. Nxc3 Nc5 36. Kh2 h6 37. Nge4 Nxe4 38. Nxe4 Nf3+ 1/2-1/2

[Event "Gibraltar Junior Intl U16 2019"]
[Site "Caleta"]
[Date "2019.08.18"]
[Round "5.4"]
[White "Kracht, Raphael"]
[Black "Lorente Serrano, Rosa Adela"]
[Result "1-0"]
[ECO "B22"]
[WhiteElo "2072"]
[BlackElo "1810"]
[Annotator "NA"]
[PlyCount "71"]
[EventDate "2019.08.16"]
[EventType "swiss"]
[EventCountry "GGB"]
[SourceTitle "playchess.com"]
[Source "ChessBase"]
[SourceQuality "1"]
[TimeControl "6600+10"]

1. e4 c5 2. d4 cxd4 3. c3 Nf6 4. e5 Nd5 5. Nf3 d6 6. cxd4 Nc6 7. Bc4 dxe5 8. Bxd5 Qxd5 9. Nc3 Qd6 10. d5 e4 11. Nxe4 Qb4+ 12. Nc3 Nb8 13. O-O g6 14. a3 Qb6 15. Be3 Qd8 16. Bd4 f6 17. Rc1 a6 18. Re1 Nd7 19. Ng5 Ne5 20. f4 Bg4 21. Qd2 Nc4 22. Qd3 Nxb2 23. Qb1 fxg5 24. Qxb2 Rg8 25. Ne4 gxf4 26. Qxb7 Bg7 27. Bxg7 Rxg7 28. Nf6+ Kf8 29. Nxg4 a5 30. Qc6 Kg8 31. Qe6+ Kh8 32. Ne5 Qf8 33. Rc3 Rd8 34. Rec1 Qf6 35. Rc8 Qxe6 36. dxe6 1-0

[Event "Gibraltar Junior Intl U16 2019"]
[Site "Caleta"]
[Date "2019.08.18"]
[Round "5.6"]
[White "Maldonado Mena, German"]
[Black "Volovich, Julia"]
[Result "1-0"]
[ECO "A87"]
[WhiteElo "1850"]
[BlackElo "1726"]
[Annotator "NA"]
[PlyCount "65"]
[EventDate "2019.08.16"]
[EventType "swiss"]
[EventCountry "GGB"]
[SourceTitle "playchess.com"]
[Source "ChessBase"]
[SourceQuality "1"]
[TimeControl "6600+10"]

1. d4 f5 2. g3 Nf6 3. Bg2 g6 4. Nf3 Bg7 5. O-O O-O 6. c4 d6 7. Nc3 c6 8. Qc2 Qe8 9. e4 e5 10. dxe5 dxe5 11. Re1 Nxe4 12. Nxe4 fxe4 13. Ng5 Na6 14. Nxe4 Bf5 15. Be3 Qe7 16. c5 Be6 17. a3 Nc7 18. Bg5 Qd7 19. Rad1 Nd5 20. Nd6 b6 21. b4 Rfb8 22. Ne4 Bf5 23. Qc4 Be6 24. Qc1 bxc5 25. Nxc5 Qf7 26. Nd3 Bg4 27. Qxc6 Nb6 28. Rc1 Qf5 29. h3 Bxh3 30. Bxh3 Qxh3 31. Nxe5 Qf5 32. Qf3 Qxg5 33. Qb3+ 1-0

[Event "Gibraltar Junior Intl U16 2019"]
[Site "Caleta"]
[Date "2019.08.18"]
[Round "5.7"]
[White "Krivenko, Dion"]
[Black "Tadevosyan, Aspet"]
[Result "0-1"]
[ECO "B53"]
[WhiteElo "1810"]
[BlackElo "2038"]
[Annotator "NA"]
[PlyCount "78"]
[EventDate "2019.08.16"]
[EventType "swiss"]
[EventCountry "GGB"]
[SourceTitle "playchess.com"]
[Source "ChessBase"]
[SourceQuality "1"]
[TimeControl "6600+10"]

1. e4 c5 2. Nf3 d6 3. d4 cxd4 4. Qxd4 a6 5. c4 Nc6 6. Qd3 g6 7. h3 Bg7 8. Be2 Nf6 9. O-O O-O 10. Nc3 Be6 11. Be3 Nd7 12. b3 Nc5 13. Bxc5 dxc5 14. Qe3 Nd4 15. Rad1 Qa5 16. Nd5 Bxd5 17. exd5 Qxa2 18. Nxd4 Bxd4 19. Qd3 Qa5 20. Bf3 Qc7 21. b4 a5 22. b5 a4 23. Qa3 Qe5 24. Rd2 h5 25. Re2 Qf6 26. Rc2 h4 27. Bd1 Qf4 28. Re1 Rfe8 29. Bf3 e5 30. dxe6 Be5 31. Bxb7 Qh2+ 32. Kf1 Rxe6 33. Re3 Rae8 34. Bd5 R6e7 35. Qxc5 Bd6 36. Qd4 Bf4 37. Re4 Qh1+ 38. Ke2 Qxg2 39. Kd1 Qf1+ 0-1

[Event "Gibraltar Junior Intl U16 2019"]
[Site "Caleta"]
[Date "2019.08.18"]
[Round "5.8"]
[White "Kuzhelev, Timur"]
[Black "Serrano Almendros, Alejandro"]
[Result "0-1"]
[ECO "C01"]
[WhiteElo "1597"]
[BlackElo "1922"]
[Annotator "NA"]
[PlyCount "60"]
[EventDate "2019.08.16"]
[EventType "swiss"]
[EventCountry "GGB"]
[SourceTitle "playchess.com"]
[Source "ChessBase"]
[SourceQuality "1"]
[TimeControl "6600+10"]

1. e4 e6 2. d4 d5 3. exd5 exd5 4. Nf3 Nc6 5. Bd3 Bd6 6. O-O Bg4 7. Re1+ Nge7 8. c3 Qd7 9. Be3 O-O-O 10. Nbd2 Ng6 11. Qc2 Nce7 12. Ne5 Bxe5 13. dxe5 Nxe5 14. Bxa7 Nxd3 15. Qxd3 Bf5 16. Qe2 Rhe8 17. Be3 Nc6 18. Nb3 Ne5 19. Nc5 Qc6 20. b4 Nc4 21. Qf3 Qg6 22. Bf4 Be4 23. Nxe4 Rxe4 24. Rxe4 dxe4 25. Qe2 Rd3 26. Rc1 Qf5 27. g3 g5 28. Qh5 h6 29. h4 Qh3 30. Bxc7 Nd2 0-1